 Dungeon Crawl Stone Soup version 0.29.1-2-gbd0b4ee654 (webtiles) character file.

Game seed: 7878519944584858571

32 cdecastro the Grave Robber (level 3, 24/24 HPs)
             Began as a Human Necromancer on Nov 11, 2022.
             Was an Initiate of Gozag.
             Got out of the dungeon alive.
             The game lasted 00:03:12 (2203 turns).

cdecastro the Grave Robber (Human Necromancer)      Turns: 2203, Time: 00:03:13

Health: 24/24      AC:  2    Str:  8    XL:     3   Next: 45%
Magic:  6/6        EV: 12    Int: 17    God:    Gozag
Gold:   170        SH:  0    Dex: 13    Spells: 5/6 levels left

rFire   . . .      SeeInvis .   h - +0 short sword
rCold   . . .      Faith    .   (no shield)
rNeg    . . .      Spirit   .   a - +0 robe
rPois   .          Reflect  .   (no helmet)
rElec   .          Harm     .   (no cloak)
rCorr   .          Rampage  .   (no gloves)
Will    .....                   (no boots)
Stlth   ++........              (no amulet)
HPRegen 0.08/turn               (no ring)
MPRegen 0.10/turn               (no ring)

@: no status effects
A: no striking features
a: Renounce Religion, Potion Petition, Call Merchant, Bribe Branch


You escaped.
You worshipped Gozag.
Gozag was aware of your devotion.
You visited 1 branch of the dungeon, and saw 2 of its levels.

You collected 170 gold pieces.

Inventory:

Hand Weapons
 h - a +0 short sword (weapon)
Missiles
 d - 27 stones
Armour
 a - a +0 robe (worn)
Scrolls
 c - a scroll of poison {unknown}
 e - a scroll of identify {unknown}
 f - a scroll of amnesia {unknown}
 g - a scroll of acquirement {unknown}
 j - a scroll of magic mapping {unknown}
 k - a scroll of vulnerability {unknown}
 m - a scroll of teleportation {unknown}
Potions
 b - 3 potions of magic
 i - a potion of ambrosia {unknown}
 l - 2 potions of heal wounds {unknown}


   Skills:
 - Level 2.0 Dodging
 - Level 2.0 Stealth
 - Level 2.0 Spellcasting
 + Level 5.0 Necromancy


You had 5 spell levels left.
You knew the following spells:

 Your Spells              Type           Power      Damage    Failure   Level
a - Necrotise             Necr           76%        1d7       2%          1

Your spell library contained the following spells:

 Spells                   Type           Power      Damage    Failure   Level
 Vampiric Draining        Necr           19%        2d7       7%          3
 Sting                    Tmut/Pois      4%         1d3       19%         1
 Poisonous Vapours        Pois/Air       2%         N/A       28%         2
 Agony                    Necr           19%        N/A       54%         5
 Olgreb's Toxic Radiance  Pois           1%         N/A       88%         4
 Animate Dead             Necr           Unusable   N/A       N/A         4

Dungeon Overview and Level Annotations

Branches:
Dungeon (2/15)

Altars:
Gozag

Shops:
D:2 =


Message History

Found a stone staircase leading up.
There is an open door here.
There is an open door here.
A frilled lizard comes into view.
A frilled lizard is nearby!
A frilled lizard is nearby!
A frilled lizard is nearby!
A frilled lizard is nearby!
Aiming: Necrotise (safe; 2% risk of failure)
Press: ? - help, Q - select action, (/) - cycle Shift-Dir - straight line, f - you That beam is likely to hit you.
Continue anyway?
Okay, then.
Unknown command.
Unknown command.
The frilled lizard hisses angrily.
Aiming: Necrotise (safe; 2% risk of failure)
Press: ? - help, Q - select action, (/) - cycle Shift-Dir - straight line, f - frilled lizard
Aim: a frilled lizard (chance to affect: 88%)
The frilled lizard writhes in agony.
You kill the frilled lizard!
The dead are walking!
Your frilled lizard skeleton crumbles into dust!
Done exploring.
Done exploring.
Done exploring.
Done exploring.
There is a stone staircase leading down here.
Search for what [Enter for "."]?
There is a faded altar of an unknown god here.
You cannot tell which god this altar belongs to.
Convert to them anyway?
Gozag accepts your prayer! Gozag welcomes you!
Gozag waives the service fee.
There is a stone staircase leading up here.
You climb upwards.
There is a stone staircase leading down here.
There is an open door here.
There is a staircase leading out of the dungeon here.
Are you sure you want to leave the Dungeon?
This will make you lose the game!
You have escaped!

.'.........###.........'..#......
)#..####.### ###.####..#........#
.#.#.###.# #.###.#.##.#..##.#
.#.##.#.## ##.#.##.##.#......
.#.###.## ##.###.##.......#
.#.##.#.## ##.#.##.####...###
.#.#.###.# #.###.#.# #...#
##..####.### ###.####..####>>.#
.'.........###..@......'..#...#
.##.####.##.#.##.####.###.#...# #
####.###.###.###.###.####.#...###
.# ##.##.##.#.##)##.## #.........
### ##.#.#.###.#.#.#####.........
#.# ##...#####...###............
#.# ##.[.......## #..####...###
#.# #'#######'####..# #...# # ..#
#.##.# #....#### #...# #


There were no monsters in sight!

Vanquished Creatures
  A dart slug (D:1)
  3 endoplasms (D:1)
  A giant cockroach (D:1)
  5 goblins (D:1)
  2 hobgoblins
  A quokka (D:2)
  3 ball pythons (D:1)
  3 bats
  4 frilled lizards
  A kobold (D:1)
  3 rats (D:1)
27 creatures vanquished.

Vanquished Creatures (collateral kills)
  A frilled lizard (D:1)
1 creature vanquished.

Grand Total: 28 creatures vanquished

Notes
Turn   | Place    | Note
-------+----------+-------------------------------------------
     0 | D:1      | cdecastro the Human Necromancer began the quest for the
                  | Orb.
     0 | D:1      | Reached XP level 1. HP: 13/13 MP: 3/3
   195 | D:1      | Reached XP level 2. HP: 7/19 MP: 1/5
   781 | D:1      | Reached XP level 3. HP: 24/24 MP: 2/6
  1261 | D:1      | Reached skill level 5 in Necromancy
  1639 | D:2      | Found Jeplumnell's Jewellery Emporium.
  1671 | D:2      | Found a faded altar of an unknown god.
  2153 | D:2      | Prayed at the altar of an unknown god.
  2153 | D:2      | Became a worshipper of Gozag Ym Sagoz the Greedy
  2203 | D:$      | Got out of the dungeon alive.

Illustrated notes

Levels and vault maps discovered:
D:1:      roderic_octagonal_star, layout_loops_cross
D:2:      layout_basic, serial_shops, shop, ebering_ecumenical_altar_ruins

Skill      XL: |  1  2  3 |
---------------+----------+-----
Necromancy     | 5 |  5.0
Dodging        | |  2.0
Stealth        | |  2.0
Spellcasting   | |  2.0

Action                   || total
-------------------------++-------
Melee: Unarmed           ||    11
       Short sword       ||     5
 Cast: Necrotise         ||    46
 Stab: Sleeping          ||     1
Armor: Robe              ||     9
Dodge: Dodged            ||    14
